[Event "Early-Titled-Tuesday-Blitz-March-19-2024"]
[Site "Chess.com"]
[Date "2024.03.19"]
[Round "7"]
[White "NtcPou"]
[Black "carloseduar100"]
[Result "0-1"]
[WhiteElo "1979"]
[BlackElo "2251"]
[TimeControl "180+1"]
[EndTime "9:14:42 PDT"]
[Termination "carloseduar100 won by resignation"]

1. e4 e6 2. d4 d5 3. Nd2 c5 4. Ngf3 Nc6 5. exd5 Qxd5 6. Bc4 Qd7 7. O-O cxd4 8. Nb3 Nf6 9. Re1 a6 10. Nbxd4 Nxd4 11. Nxd4 Qc7 12. Bb3 Bd6 13. h3 O-O 14. Bg5 h6 15. Bxf6 gxf6 16. Qh5 Kh7 17. Re4 Rg8 18.
Rh4 Rg6 19. c3 Bd7 20. Re1 Rag8 21. g4 f5 22. Kh1 Be7 23. gxf5 Bc6+ 24. Nxc6 Qxc6+ 25. f3 Bxh4 26. fxg6+ Rxg6 27. Qxh4 Qxf3+ 0-1

[Event "Early-Titled-Tuesday-Blitz-March-19-2024"]
[Site "Chess.com"]
[Date "2024.03.19"]
[Round "7"]
[White "vladoboch"]
[Black "ZenBull"]
[Result "1-0"]
[WhiteElo "2467"]
[BlackElo "2300"]
[TimeControl "180+1"]
[EndTime "9:14:52 PDT"]
[Termination "vladoboch won by resignation"]

1. e4 d6 2. d4 Nf6 3. Nc3 e5 4. Nge2 Nbd7 5. h3 g6 6. g4 h6 7. Bg2 Bg7 8. Be3 c6 9. Qd2 Qc7 10. O-O-O Nb6 11. dxe5 dxe5 12. b3 Be6 13. f4 exf4 14.
Bxf4 Qc8 15. Nd4 g5 16. Bg3 Ng8 17. Nf5 Bxf5 18. exf5 Nf6 19. Bd6 Qd7 20. Rhe1+ Kd8 21. Re7 Qxe7 22. Bxe7+ Kxe7 23. Qd6+ Ke8 24. Re1+ 1-0

[Event "Early-Titled-Tuesday-Blitz-March-19-2024"]
[Site "Chess.com"]
[Date "2024.03.19"]
[Round "7"]
[White "toninhojit"]
[Black "alvarorodriguezavila"]
[Result "0-1"]
[WhiteElo "2477"]
[BlackElo "2347"]
[TimeControl "180+1"]
[EndTime "9:15:10 PDT"]
[Termination "alvarorodriguezavila won by resignation"]

1. d4 Nf6 2. c4 Nc6 3. Nf3 e6 4. Nc3 Bb4 5. Qc2 O-O 6. e4 Bxc3+ 7. bxc3 e5 8. d5 Nb8 9. c5 d6 10. Ba3 Bg4 11. Nd2 Bh5 12. f3 Bg6 13. g4 Nxd5 14. Qb3 Qh4+ 15. Ke2 Nf4+ 16. Kd1 Nd7 17. cxd6 cxd6 18. Bb5 Nc5 19. Bxc5 dxc5 20. Kc2 a6 21.
Bc4 b5 22. Bd5 c4 0-1

[Event "Early-Titled-Tuesday-Blitz-March-19-2024"]
[Site "Chess.com"]
[Date "2024.03.19"]
[Round "7"]
[White "ArmanGhevondyanchess"]
[Black "francyIM"]
[Result "0-1"]
[WhiteElo "2601"]
[BlackElo "2827"]
[TimeControl "180+1"]
[EndTime "9:15:31 PDT"]
[Termination "francyIM won by resignation"]

1. Nf3 c5 2. g3 Nc6 3. d4 cxd4 4. Nxd4 d5 5. Bg2 Nf6 6. O-O e6 7. c4 Bc5 8. Nb3 Bb6 9. cxd5 exd5 10. a4 O-O 11. Nc3 d4 12. Nb5 Re8 13. Bg5 h6 14. Bxf6 Qxf6 15. a5 Bg4 16. axb6 Bxe2 17. Qd2 Bxb5 18.
Rfd1 axb6 19. Rxa8 Rxa8 20. Bxc6 bxc6 21. Qb4 d3 22.
Nd4 Ra4 23. Qxb5 cxb5 0-1

[Event "Early-Titled-Tuesday-Blitz-March-19-2024"]
[Site "Chess.com"]
[Date "2024.03.19"]
[Round "7"]
[White "nikitakhoroshev"]
[Black "venturov"]
[Result "0-1"]
[WhiteElo "2678"]
[BlackElo "2501"]
[TimeControl "180+1"]
[EndTime "9:15:33 PDT"]
[Termination "venturov won by resignation"]

1. e4 Nf6 2. e5 Nd5 3. d4 d6 4. Nf3 dxe5 5. Nxe5 c6 6. Qf3 Be6 7. c4 Nb4 8. d5 Nc2+ 9. Kd1 Nxa1 10. Bd2 cxd5 11.
Nc3 Nc6 12. cxd5 Nxe5 13. dxe6 Qxd2+ 14. Kxd2 Nxf3+ 15. gxf3 O-O-O+ 16. Kc1 fxe6 17. Bh3 g6 18. Bxe6+ Kb8 19. Kb1 Bg7 20. Kxa1 Rd2 21. Kb1 Rhd8 22.
Rf1 Bxc3 23. bxc3 Rd1+ 24. Rxd1 Rxd1+ 0-1

[Event "Early-Titled-Tuesday-Blitz-March-19-2024"]
[Site "Chess.com"]
[Date "2024.03.19"]
[Round "7"]
[White "Muracle"]
[Black "BilicVladimir"]
[Result "1-0"]
[WhiteElo "2564"]
[BlackElo "2683"]
[TimeControl "180+1"]
[EndTime "9:15:33 PDT"]
[Termination "Muracle won by resignation"]

1. d4 d5 2. Nf3 c6 3. g3 Nf6 4. Bg2 Bf5 5. O-O e6 6. c4 Nbd7 7.
Qb3 Qb6 8. c5 Qxb3 9. axb3 a6 10. b4 O-O-O 11. Nfd2 e5 12. dxe5 Nxe5 13. Nc3 Be7 14.
Nb3 Ne4 15. Na4 Nc4 16. Nd4 Bg6 17. Bf4 f6 18. Bh3+ f5 19. Nxf5 Kd7 20. Nxg7+ 1-0

[Event "Early-Titled-Tuesday-Blitz-March-19-2024"]
[Site "Chess.com"]
[Date "2024.03.19"]
[Round "7"]
[White "MaxLeto"]
[Black "Jahonas"]
[Result "1-0"]
[WhiteElo "2501"]
[BlackElo "2334"]
[TimeControl "180+1"]
[EndTime "9:15:49 PDT"]
[Termination "MaxLeto won by resignation"]

1. b3 d5 2. Bb2 Nf6 3. h3 g6 4.
g4 Bg7 5. Bg2 c6 6. c4 dxc4 7.
bxc4 O-O 8. Nf3 Be6 9. d3 Nbd7 10.
Nbd2 Rc8 11. Ng5 Nc5 12. Nb3 Na4 13. Be5 Qd7 14. O-O h6 15. Nxe6 Qxe6 16. f4 a6 17. Nd4 Qd7 18. Qxa4 g5 19. Nf5 1-0

[Event "Early-Titled-Tuesday-Blitz-March-19-2024"]
[Site "Chess.com"]
[Date "2024.03.19"]
[Round "7"]
[White "xasid81"]
[Black "DarZay"]
[Result "1-0"]
[WhiteElo "2593"]
[BlackElo "2356"]
[TimeControl "180+1"]
[EndTime "9:15:51 PDT"]
[Termination "xasid81 won by resignation"]

1. e4 c5 2. Nf3 Nc6 3. c3 g6 4. d4 cxd4 5. cxd4 d6 6. d5 Ne5 7. Nxe5 dxe5 8. Bb5+ Bd7 9. Qa4 Bxb5 10. Qxb5+ Qd7 11.
Qxd7+ Kxd7 12. Nc3 e6 13. Bd2 Bb4 14. O-O-O exd5 15.
Nxd5 Rc8+ 16. Kb1 Bxd2 17. Rxd2 Ke6 18. Rhd1 Nf6 19. Nxf6 Kxf6 20. Rd6+ Kg7 21. Rd7 Rc4 22. f3 Rb4 23. Re7 Rd4 24. Rxd4 exd4 25. Rxb7 Rd8 26. Kc2 d3+ 27. Kd2 a5 28. a4 Rd4 29. b3 Kf6 30. Rb5 h5 31. Rxa5 Rb4 32. Rb5 Rd4 33. a5 Ke6 34. a6 Rd6 35. Ra5 Rd8 36. a7 Ra8 37. Kxd3 Kd6 38. Kd4 Kc6 39. b4 Kb6 40. Ke5 Kb7 41. Kf6 1-0

[Event "Early-Titled-Tuesday-Blitz-March-19-2024"]
[Site "Chess.com"]
[Date "2024.03.19"]
[Round "7"]
[White "Vse_po_kaify"]
[Black "bescmelasti"]
[Result "1-0"]
[WhiteElo "2481"]
[BlackElo "2663"]
[TimeControl "180+1"]
[EndTime "9:16:08 PDT"]
[Termination "Vse_po_kaify won by resignation"]

1. e4 e6 2. d4 d5 3. Bd3 dxe4 4.
Bxe4 Nf6 5. Bf3 c5 6. Ne2 Nc6 7. Be3 Nd5 8. Bxd5 Qxd5 9. dxc5 Qxg2 10. Rg1 Qxh2 11. Nbc3 Bd7 12. Bf4 Qh5 13. Nb5 O-O-O 14. Bd6 Bxd6 15. Qxd6 Qe5 16. Nxa7+ Nxa7 17. Qxe5 f6 18. Qe3 Bc6 19. Nd4 Bd5 20. O-O-O 1-0

[Event "Early-Titled-Tuesday-Blitz-March-19-2024"]
[Site "Chess.com"]
[Date "2024.03.19"]
[Round "7"]
[White "DraningWaterHi"]
[Black "LiadCuba"]
[Result "1-0"]
[WhiteElo "2275"]
[BlackElo "2564"]
[TimeControl "180+1"]
[EndTime "9:16:11 PDT"]
[Termination "DraningWaterHi won by resignation"]

1. d4 d5 2. Bf4 Nf6 3. c4 e6 4.
e3 c5 5. Nc3 Nc6 6. Nb5 e5 7.
dxe5 Ne4 8. Bd3 Qa5+ 9. Kf1 Bf5 10. cxd5 Nd2+ 11. Ke2 Bxd3+ 12. Kxd3 Qxb5+ 13. Kxd2 Nb4 14.
Qe2 c4 15. d6 Nd3 16. b3 c3+ 17. Kc2 Rc8 18. Qxd3 Qxd3+ 19. Kxd3 f6 20. e6 Bxd6 21. Bxd6 Rd8 22. Kxc3 Rxd6 23. Nf3 Ke7 24. Rhd1 Rc8+ 25. Kb2 Rxe6 26. Nd4 Re5 27. Rac1 Re8 28. Rc7+ Kf8 29. Rxb7 f5 30. Rxa7 f4 31. exf4 Rd5 32.
Ne6+ Rxe6 33. Rxd5 1-0

[Event "Early-Titled-Tuesday-Blitz-March-19-2024"]
[Site "Chess.com"]
[Date "2024.03.19"]
[Round "7"]
[White "GMBenjaminBok"]
[Black "Igor_Lysyj"]
[Result "0-1"]
[WhiteElo "2965"]
[BlackElo "2825"]
[TimeControl "180+1"]
[EndTime "9:16:14 PDT"]
[Termination "Igor_Lysyj won by resignation"]

1. c4 e6 2. g3 d5 3. Bg2 Nf6 4.
Nf3 Be7 5. O-O O-O 6. b3 c5 7.
cxd5 Nxd5 8. Bb2 b6 9. d4 Bb7 10. dxc5 Bxc5 11. Nbd2 Qe7 12. a3 a5 13. b4 axb4 14.
axb4 Bxb4 15. Rxa8 Bxa8 16. Qa1 Nd7 17. Bxg7 Rc8 18.
Bb2 Nc3 19. e3 Bd5 20. Qa6 Ra8 21. Qd3 Nc5 22. Qd4 Ne2+ 23. Kh1 Nxd4 24. Bxd4 Bxd2 25.
Nxd2 Bxg2+ 26. Kxg2 e5 27. Bc3 Ra2 28. Rb1 Qb7+ 29.
Kg1 Qd5 30. Rxb6 Rxd2 0-1

[Event "Early-Titled-Tuesday-Blitz-March-19-2024"]
[Site "Chess.com"]
[Date "2024.03.19"]
[Round "7"]
[White "ploxoi"]
[Black "andrew-blr"]
[Result "0-1"]
[WhiteElo "2439"]
[BlackElo "2610"]
[TimeControl "180+1"]
[EndTime "9:16:14 PDT"]
[Termination "andrew-blr won by checkmate"]

1. d4 d5 2. c4 dxc4 3. e4 b5 4. a4 c6 5. axb5 cxb5 6. Nc3 Qb6 7. Nd5 Qb7 8. Bf4 e5 9. Bxe5 Nd7 10. Bg3 Ngf6 11. Nc7+ Kd8 12. Nxa8 Bb4+ 13. Qd2 Bxd2+ 14. Kxd2 Nxe4+ 15. Kc2 Nxg3 16. hxg3 Qe4+ 17. Kc3 Qxa8 18. Nf3 Nb6 19. Ne5 Nd5+ 20. Kd2 Be6 21. Be2 f6 22. Rxa7 Qc8 23. Nf3 c3+ 24. bxc3 Qxc3+ 25. Kd1 Ne3+ 26. fxe3 Bb3# 0-1

[Event "Early-Titled-Tuesday-Blitz-March-19-2024"]
[Site "Chess.com"]
[Date "2024.03.19"]
[Round "7"]
[White "FairChess_on_YouTube"]
[Black "Jospem"]
[Result "1/2-1/2"]
[WhiteElo "3138"]
[BlackElo "3070"]
[TimeControl "180+1"]
[EndTime "9:16:18 PDT"]
[Termination "Game drawn by repetition"]

1. Nf3 c5 2. g3 Nc6 3. Bg2 g6 4.
c4 Bg7 5. Nc3 d6 6. O-O e6 7. b3 Nge7 8. Bb2 O-O 9. e3 d5 10.
cxd5 exd5 11. Rc1 b6 12. d4 cxd4 13. Nxd4 Nxd4 14. exd4 Be6 15. Ba3 Rc8 16. Qd2 Qd7 17.
Bxe7 Qxe7 18. Nxd5 Bxd5 19. Bxd5 Rcd8 20. Rfe1 Qd7 21.
Bc6 Qxd4 22. Qxd4 Bxd4 23. Kg2 Bc5 24. Rc2 Rd6 25. Bf3 Rfd8 26. h4 h5 27. Rce2 Kg7 28. Re8 Rd2 29. Rxd8 Rxd8 30. Rd1 Rd4 31. Be2 Rxd1 32. Bxd1 f5 33. f4 Kf6 34. Kf3 a5 35.
Be2 Bb4 36. Bb5 Bc5 37. Be8 Bb4 38. Kg2 Bc5 39. Kf3 Bb4 40. Kg2 Bc5 41. Kf3 1/2-1/2

[Event "Early-Titled-Tuesday-Blitz-March-19-2024"]
[Site "Chess.com"]
[Date "2024.03.19"]
[Round "7"]
[White "InitiatingASC"]
[Black "Stanbad1"]
[Result "0-1"]
[WhiteElo "2351"]
[BlackElo "2543"]
[TimeControl "180+1"]
[EndTime "9:16:23 PDT"]
[Termination "Stanbad1 won by resignation"]

1. d4 Nf6 2. c4 c5 3. d5 b5 4. cxb5 a6 5. bxa6 g6 6. g3 Bg7 7.
Bg2 d6 8. Nf3 Bxa6 9. Nfd2 O-O 10.
O-O Nbd7 11. Re1 Qb6 12. Na3 Rfb8 13. Nac4 Qb4 14. Qc2 Ng4 15. Rb1 Bxc4 16. Qxc4 Qxc4 17. Nxc4 Rxa2 18. Bh3 Nde5 19. Nxe5 Nxe5 20. b3 c4 21. b4 c3 22. Rb3 Nc4 23. Bg5 Kf8 24. Bd7 h6 25.
Bf4 Nd2 26. Bxd2 cxd2 27. Rd1 Rba8 28. Rd3 Bc3 29. Kg2 Bxb4 30. Bc6 R8a5 31. h4 Rc5 32. Kf3 Rc1 0-1

[Event "Early-Titled-Tuesday-Blitz-March-19-2024"]
[Site "Chess.com"]
[Date "2024.03.19"]
[Round "7"]
[White "Daaksboy"]
[Black "Kostya0705"]
[Result "0-1"]
[WhiteElo "2058"]
[BlackElo "2572"]
[TimeControl "180+1"]
[EndTime "9:16:29 PDT"]
[Termination "Kostya0705 won by resignation"]

1. d4 Nf6 2. c4 e6 3. Nc3 Bb4 4.
e3 O-O 5. Bd2 d5 6. Nf3 Be7 7.
Bd3 b6 8. cxd5 exd5 9. O-O c5 10.
Ne5 Be6 11. f4 a6 12. Qf3 Qd6 13. g4 Nc6 14. g5 Nd7 15. Nxc6 Qxc6 16. f5 Bxg5 17.
fxe6 fxe6 18. Qh5 Bh6 19. Rxf8+ Rxf8 20. Rf1 Nf6 21. Qh4 Qd6 22. dxc5 bxc5 23. Rf3 e5 24. Rg3 e4 25. Be2 Kh8 26. Be1 Qe5 27. Rg2 d4 28. Bg3 Bxe3+ 29. Kh1 Qf5 30. Nd1 Bg5 31. Bd6 Bxh4 32.
Bxf8 Ne8 0-1

[Event "Early-Titled-Tuesday-Blitz-March-19-2024"]
[Site "Chess.com"]
[Date "2024.03.19"]
[Round "7"]
[White "Dacean99"]
[Black "hell3raiser"]
[Result "1-0"]
[WhiteElo "2639"]
[BlackElo "2365"]
[TimeControl "180+1"]
[EndTime "9:16:29 PDT"]
[Termination "Dacean99 won by resignation"]

1. e4 e5 2. Nf3 Nc6 3. d4 exd4 4. Bc4 Bc5 5. c3 Nf6 6. e5 d5 7. exf6 dxc4 8. fxg7 Rg8 9. cxd4 Nxd4 10. O-O Rxg7 11.
Be3 Nxf3+ 12. Qxf3 Bxe3 13. Qxe3+ Be6 14. Nc3 Qd3 15. Qe5 Qg6 16. g3 O-O-O 17. Nb5 Rd7 18. Rad1 f5 19. Nxa7+ Kb8 20. Nb5 Qf7 21. Rfe1 Bd5 22.
Qe8+ Qxe8 23. Rxe8+ 1-0

[Event "Early-Titled-Tuesday-Blitz-March-19-2024"]
[Site "Chess.com"]
[Date "2024.03.19"]
[Round "7"]
[White "MatyChess1"]
[Black "Herzog2012"]
[Result "0-1"]
[WhiteElo "2641"]
[BlackElo "2543"]
[TimeControl "180+1"]
[EndTime "9:16:30 PDT"]
[Termination "Herzog2012 won by resignation"]

1. d4 Nf6 2. Bf4 e6 3. e3 c5 4. Nf3 Qb6 5. Qc1 Nh5 6. Bg3 Nxg3 7. hxg3 Nc6 8. c3 d5 9. Bd3 Bd7 10. Nbd2 h6 11. O-O O-O-O 12. dxc5 Bxc5 13. b4 Bxe3 14. Qc2 Bxd2 15. Nxd2 e5 16. a4 Kb8 17. a5 Qc7 18. Rfc1 e4 19. Bf1 e3 20. Nb3 Ne5 21.
Nd4 Ng4 22. f3 Nf2 23. Qe2 Qxg3 24. Qxe3 Ng4 0-1

[Event "Early-Titled-Tuesday-Blitz-March-19-2024"]
[Site "Chess.com"]
[Date "2024.03.19"]
[Round "7"]
[White "enriquebutti"]
[Black "FREDERICKtheMATE"]
[Result "0-1"]
[WhiteElo "2188"]
[BlackElo "2692"]
[TimeControl "180+1"]
[EndTime "9:16:30 PDT"]
[Termination "FREDERICKtheMATE won by resignation"]

1. d4 c6 2. c4 d5 3. cxd5 cxd5 4.
Nc3 Nf6 5. Bg5 Ne4 6. Nxe4 dxe4 7. a3 Nc6 8. d5 Ne5 9. Qd4 f6 10.
Qxe4 e6 11. dxe6 Bxe6 12. Bf4 Bd5 13. Qe3 Bd6 14. Rd1 O-O 15. Rxd5 Bb4+ 16. axb4 Qxd5 17.
Bxe5 fxe5 18. Nf3 Rad8 19. Nd2 Kh8 20. f3 Rf4 21. Ne4 Qa2 22. Qc3 Qb1+ 23. Kf2 Qxe4 24. e3 Rff8 25. Bc4 Rc8 26. Bd3 Rxc3 27. Bxe4 Rb3 0-1

[Event "Early-Titled-Tuesday-Blitz-March-19-2024"]
[Site "Chess.com"]
[Date "2024.03.19"]
[Round "7"]
[White "Aleksandar-Topalov"]
[Black "Dewarfd"]
[Result "1-0"]
[WhiteElo "2276"]
[BlackElo "2085"]
[TimeControl "180+1"]
[EndTime "9:16:30 PDT"]
[Termination "Aleksandar-Topalov won by checkmate"]

1. b3 Nf6 2. Bb2 g6 3. Bxf6 exf6 4. c4 f5 5. Nc3 Bg7 6. e3 O-O 7. Nge2 Re8 8. g3 c6 9. Bg2 b6 10. O-O Bb7 11. d4 d5 12. cxd5 cxd5 13. Nf4 g5 14.
Nfxd5 f4 15. gxf4 gxf4 16. Nxf4 Bxg2 17. Kxg2 Nd7 18. Ncd5 Nf6 19. Nxf6+ Qxf6 20. Qf3 Kh8 21. Nh5 Qg6+ 22. Kh1 Rg8 23. Rg1 Qh6 24. Rxg7 Rxg7 25.
Qxa8+ Rg8 26. Qf3 Rg5 27. Ng3 Kg8 28. Rc1 Qe6 29. e4 Qg4 30. Qxg4 Rxg4 31. f3 Rf4 32.
Nf5 Rxf3 33. Rc8# 1-0

[Event "Early-Titled-Tuesday-Blitz-March-19-2024"]
[Site "Chess.com"]
[Date "2024.03.19"]
[Round "7"]
[White "Kostukov_Alex"]
[Black "ural58"]
[Result "0-1"]
[WhiteElo "2237"]
[BlackElo "2472"]
[TimeControl "180+1"]
[EndTime "9:16:35 PDT"]
[Termination "ural58 won on time"]

1. g3 d5 2. Bg2 Nc6 3. d4 Bf5 4. c4 e6 5. Nc3 Nb4 6. e4 dxe4 7. Nxe4 Qxd4 8. Qa4+ c6 9. Ne2 Qxc4 10. N2c3 Nd3+ 11.
Kf1 Qxa4 12. Nxa4 Nxc1 13. Rxc1 O-O-O 14. Nac3 h6 15. h3 Bb4 16. g4 Bh7 17. Ke2 f5 18. Ng3 Nf6 0-1

[Event "Early-Titled-Tuesday-Blitz-March-19-2024"]
[Site "Chess.com"]
[Date "2024.03.19"]
[Round "7"]
[White "ikhasu"]
[Black "SuperPower2011"]
[Result "0-1"]
[WhiteElo "2503"]
[BlackElo "2779"]
[TimeControl "180+1"]
[EndTime "9:16:36 PDT"]
[Termination "SuperPower2011 won by resignation"]

1. d4 Nf6 2. Nf3 e6 3. b3 d5 4. Bb2 Be7 5. Nbd2 O-O 6. g3 b6 7. Bg2 Bb7 8. O-O Nbd7 9. c4 c5 10. e3 Qc7 11. Rc1 dxc4 12. Nxc4 Rad8 13. Qe2 Qb8 14.
Rfd1 Qa8 15. Qf1 Bxf3 16. Bh3 Bxd1 17. Rxd1 cxd4 18. Bxd4 Nc5 19. Bg2 Qc8 20. Ne5 Nd5 21. Rc1 Qa6 22. Qd1 Bf6 23. Nc6 Bxd4 24. exd4 Nd7 25.
Nxd8 Rxd8 26. Qd2 N7f6 27. g4 Nxg4 28. b4 Rc8 29. b5 Qb7 30. Re1 Ngf6 31. h4 Qc7 32. h5 Qc3 33. Qg5 Qxe1+ 0-1

[Event "Early-Titled-Tuesday-Blitz-March-19-2024"]
[Site "Chess.com"]
[Date "2024.03.19"]
[Round "7"]
[White "Fore_Man"]
[Black "MikeWizard"]
[Result "0-1"]
[WhiteElo "2307"]
[BlackElo "2136"]
[TimeControl "180+1"]
[EndTime "9:16:39 PDT"]
[Termination "MikeWizard won by checkmate"]

1. e4 d6 2. d4 Nf6 3. Nf3 Nbd7 4. Nc3 e5 5. Bc4 Be7 6. O-O c6 7. Re1 Qc7 8. Bb3 h6 9. Be3 Ng4 10. Bd2 O-O 11. h3 Ngf6 12. Be3 a5 13. a4 exd4 14.
Bxd4 Nc5 15. e5 dxe5 16. Bxe5 Qb6 17. Bc4 Be6 18. Bxe6 Nxe6 19. Ne4 Nxe4 20. Rxe4 Rad8 21. Qe1 Bd6 22. Bxd6 Rxd6 23. b3 Rfd8 24. Re5 Rd5 25. Rxd5 Rxd5 26. Rd1 Qd8 27. Rxd5 Qxd5 28. Qc3 Qd1+ 29.
Kh2 Qd6+ 30. g3 Qd5 31. Qe3 Qc5 32. Qe2 Kf8 33. Kg2 Qd5 34. Kf1 Ng5 35. Nxg5 Qh1# 0-1

[Event "Early-Titled-Tuesday-Blitz-March-19-2024"]
[Site "Chess.com"]
[Date "2024.03.19"]
[Round "7"]
[White "yosephtaher"]
[Black "Mikhail_Golubev"]
[Result "1-0"]
[WhiteElo "2957"]
[BlackElo "2721"]
[TimeControl "180+1"]
[EndTime "9:16:42 PDT"]
[Termination "yosephtaher won on time"]

1. d4 Nf6 2. Nc3 e6 3. e4 d5 4. e5 Nfd7 5. f4 c5 6. Nce2 Nc6 7. Nf3 b5 8. c3 b4 9. dxc5 Nxc5 10. Ned4 Qb6 11.
Be3 bxc3 12. bxc3 Nxd4 13. Nxd4 Be7 14. Bb5+ Bd7 15. Bxd7+ Nxd7 16. O-O O-O 17. Qf3 Rac8 18. Nf5 Bc5 19. Nd4 Qa6 20. f5 Nxe5 21. Qg3 Bd6 22. Bf4 f6 23. fxe6 Qc4 24. Nf5 g5 25. Nxd6 Qc5+ 26. Kh1 Qxd6 27. Rae1 Qxe6 28. h4 Kh8 29.
hxg5 Rg8 30. Qh2 1-0

[Event "Early-Titled-Tuesday-Blitz-March-19-2024"]
[Site "Chess.com"]
[Date "2024.03.19"]
[Round "7"]
[White "LeRoidesChampions"]
[Black "Willhaven3"]
[Result "1-0"]
[WhiteElo "2664"]
[BlackElo "2533"]
[TimeControl "180+1"]
[EndTime "9:16:44 PDT"]
[Termination "LeRoidesChampions won by resignation"]

1. e4 Nf6 2. e5 Nd5 3. d4 d6 4. Nf3 g6 5. Bc4 Nb6 6. Bb3 Bg7 7. a4 a5 8. Qe2 O-O 9. e6 fxe6 10. Bxe6+ Bxe6 11. Qxe6+ Kh8 12. Ng5 Qe8 13. Qh3 h6 14. Ne6 Kh7 15.
Nxg7 Kxg7 16. Bxh6+ Kg8 17. Bxf8 Qxf8 18. O-O Nc6 19. c3 Qf6 20. Nd2 Nd5 21. Ne4 Qf4 22.
Qe6+ Qf7 23. Qxf7+ Kxf7 24. Rfe1 Rh8 25. Ng5+ Kf6 26.
Nf3 Nf4 27. Re3 Nd5 28. Re4 Re8 29. Rae1 Nb6 30. Re6+ Kf7 31. b3 Nd5 32. c4 Nf4 33. R6e4 Nh5 34. d5 Nb4 35. Ng5+ Kf8 36. Ne6+ Kf7 37.
Nxc7 Rc8 38. Rxe7+ Kf6 39. Ne8+ Kg5 40. Nxd6 1-0

[Event "Early-Titled-Tuesday-Blitz-March-19-2024"]
[Site "Chess.com"]
[Date "2024.03.19"]
[Round "7"]
[White "Jojo_898"]
[Black "margarita_2703"]
[Result "1-0"]
[WhiteElo "2481"]
[BlackElo "2326"]
[TimeControl "180+1"]
[EndTime "9:16:45 PDT"]
[Termination "Jojo_898 won by resignation"]

1. e4 e5 2. Nf3 Nc6 3. Bc4 Nf6 4. d3 h6 5. O-O g5 6. c3 Bg7 7. b4 d6 8. Qb3 O-O 9. Be3 Ne7 10. Nbd2 Ng6 11. d4 Qe7 12. Rfe1 c6 13. a4 Be6 14. Bxe6 Qxe6 15. Qxe6 fxe6 16. dxe5 Nxe5 17. Nxe5 dxe5 18. Bc5 Rfd8 19. Nc4 Ne8 20. a5 Kf7 21.
Rad1 a6 22. Bb6 Rxd1 23. Rxd1 Kf6 24. Rd7 Rb8 25. f3 Bf8 26. Bd8+ Kg6 27. Nxe5+ Kh5 28.
g4+ Kh4 29. Kg2 1-0

[Event "Early-Titled-Tuesday-Blitz-March-19-2024"]
[Site "Chess.com"]
[Date "2024.03.19"]
[Round "7"]
[White "GlavkonVVS"]
[Black "XDPS"]
[Result "0-1"]
[WhiteElo "2692"]
[BlackElo "2908"]
[TimeControl "180+1"]
[EndTime "9:16:52 PDT"]
[Termination "XDPS won by checkmate"]

1. c4 g6 2. Nf3 Bg7 3. d4 d6 4. Nc3 Nd7 5. Bg5 h6 6. Bh4 c5 7. e3 Qa5 8. Bd3 Ngf6 9. O-O O-O 10. h3 a6 11. Qc2 Re8 12. a3 cxd4 13. exd4 e5 14. b4 Qc7 15. dxe5 dxe5 16. Bg3 Nh5 17. Bh2 Nf4 18. Rfd1 Nxd3 19. Qxd3 Nf8 20. Nd5 Qc6 21. Re1 Bf5 22. Qb3 e4 23. Nh4 Bxa1 24. Rxa1 Rad8 25. Qb2 Rxd5 26. cxd5 Qxd5 27. Rc1 Bd7 28. Qf6 g5 29. Qxh6 gxh4 30. Qxh4 Ng6 31. Qf6 e3 32. fxe3 Bc6 33. Qf2 Rxe3 34. Bg3 Qe4 35. Re1 Rxe1+ 36. Qxe1 Qxg2# 0-1

[Event "Early-Titled-Tuesday-Blitz-March-19-2024"]
[Site "Chess.com"]
[Date "2024.03.19"]
[Round "7"]
[White "Mikhail_Bryakin"]
[Black "yaguigor"]
[Result "1-0"]
[WhiteElo "2736"]
[BlackElo "2560"]
[TimeControl "180+1"]
[EndTime "9:16:53 PDT"]
[Termination "Mikhail_Bryakin won by resignation"]

1. e4 c5 2. d4 cxd4 3. Qxd4 Nc6 4. Qd3 Nf6 5. Nc3 g6 6. Nf3 d6 7. Be2 Bg7 8. O-O O-O 9. Nd5 Nxd5 10. exd5 Bf5 11.
Qd1 Nb4 12. c3 Nc2 13. g4 Nxa1 14. gxf5 Qa5 15. Bg5 Qxa2 16. Qxa1 Qxd5 17. Bxe7 Rfe8 18. f6 Bxf6 19. Bxf6 Rxe2 20. Nd4 Re5 21. Bxe5 dxe5 22. Ne2 Qf3 23. Ng3 Rd8 24. Qxa7 h5 25. Qe3 Qg4 26.
Qe4 Qg5 27. f4 exf4 28. Qxf4 Qxf4 29. Rxf4 f5 30. Rd4 Rxd4 31. cxd4 Kf7 32. Kf2 Ke6 33. Ke3 g5 34. Nxh5 Kd5 35. Nf4+ Kc4 36. Ne6 g4 37.
Kf4 1-0

[Event "Early-Titled-Tuesday-Blitz-March-19-2024"]
[Site "Chess.com"]
[Date "2024.03.19"]
[Round "7"]
[White "GnowReopard"]
[Black "axvesik"]
[Result "1/2-1/2"]
[WhiteElo "2782"]
[BlackElo "2573"]
[TimeControl "180+1"]
[EndTime "9:16:54 PDT"]
[Termination "Game drawn by repetition"]

1. c4 Nf6 2. Nc3 e6 3. e4 d5 4. e5 d4 5. exf6 dxc3 6. bxc3 Qxf6 7. Bd3 Be7 8. Nf3 O-O 9. Qc2 h6 10. Bh7+ Kh8 11. Be4 e5 12. O-O Nc6 13. Re1 Bd6 14. Rb1 Qe6 15. Bd5 Qg4 16. h3 Qh5 17. d4 exd4 18. cxd4 Bxh3 19. gxh3 Qxh3 20. Qe4 Rae8 21.
Qxe8 Qg4+ 22. Kf1 Qh3+ 23. Kg1 Qg4+ 24. Kf1 Qh3+ 25. Kg1 1/2-1/2

[Event "Early-Titled-Tuesday-Blitz-March-19-2024"]
[Site "Chess.com"]
[Date "2024.03.19"]
[Round "7"]
[White "Makswolf200817"]
[Black "Sanan_Sjugirov"]
[Result "0-1"]
[WhiteElo "2756"]
[BlackElo "3013"]
[TimeControl "180+1"]
[EndTime "9:16:55 PDT"]
[Termination "Sanan_Sjugirov won by resignation"]

1. d4 Nf6 2. c4 g6 3. g3 Bg7 4. Bg2 O-O 5. Nc3 c5 6. Nf3 cxd4 7. Nxd4 Qc7 8. O-O Qxc4 9. Bf4 Nc6 10. Ndb5 d6 11.
Rc1 Bf5 12. Nc7 Rac8 13. N3d5 Qxa2 14. b4 Nxd5 15. Nxd5 Rfe8 16. b5 Nd4 17. Rxc8 Bxc8 18. Re1 Bg4 19. Bf1 Qxd5 0-1

[Event "Early-Titled-Tuesday-Blitz-March-19-2024"]
[Site "Chess.com"]
[Date "2024.03.19"]
[Round "7"]
[White "ChessSwole"]
[Black "NovoselovRoman"]
[Result "1-0"]
[WhiteElo "2696"]
[BlackElo "2545"]
[TimeControl "180+1"]
[EndTime "9:16:55 PDT"]
[Termination "ChessSwole won by checkmate"]

1. e4 e6 2. d4 d5 3. Nc3 dxe4 4. Nxe4 Nd7 5. Nf3 Ngf6 6. Nxf6+ Nxf6 7. g3 c5 8. Bg2 cxd4 9. Nxd4 Bc5 10. Be3 e5 11. Nc6 bxc6 12. Bxc5 Bb7 13. Qe2 Qc7 14. O-O-O Nd5 15. c4 Ne7 16. Bd6 Qa5 17. c5 f6 18. Qc4 Nd5 19. Qg4 Kf7 20. Qd7+ Kg6 21. Be4+ Kh6 22. Qh3+ Kg5 23. Qh4# 1-0

[Event "Early-Titled-Tuesday-Blitz-March-19-2024"]
[Site "Chess.com"]
[Date "2024.03.19"]
[Round "7"]
[White "GreenPeach24"]
[Black "AlexOstrovskiy"]
[Result "0-1"]
[WhiteElo "2559"]
[BlackElo "2738"]
[TimeControl "180+1"]
[EndTime "9:16:57 PDT"]
[Termination "AlexOstrovskiy won by checkmate"]

1. e4 d5 2. exd5 Nf6 3. Bb5+ Nbd7 4. c4 a6 5. Ba4 b5 6. cxb5 Nxd5 7. bxa6 Nb4 8. Qf3 Bxa6 9. Bxd7+ Kxd7 10. Qg4+ e6 11. Nh3 Nc2+ 12. Kd1 Nxa1 13. Nc3 Kc8 14. Qf3 Bb7 15.
Qxf7 Bxg2 16. Rg1 Bxh3 17. Rg3 Bf5 18. d3 Bb4 19. Rxg7 Qxd3+ 20. Bd2 Qf1+ 21. Be1 Rd8+ 22. Qd7+ Rxd7+ 23. Rxd7 Kxd7 24. Nb1 Qxe1# 0-1